 Dungeon Crawl Stone Soup version 0.27.1-37-g7b29ead8ac (console) character file.

Game seed: 5491079078032200975

11734 grimtooth the Immaculate (level 11, -12/97 HPs)
             Began as a Hill Orc Monk on Aug 10, 2023.
             Was a High Priest of Zin.
             Collided with a worldbinder (13 damage)
             ... caused by a wretched star
             ... on level 2 of the Abyss.
             The game lasted 01:14:19 (18155 turns).

grimtooth the Immaculate (Hill Orc Monk)           Turns: 18155, Time: 01:14:20

Health: -12/97     AC:  8    Str: 21    XL:     11   Next: 82%
Magic:  18/19      EV: 18    Int: 15    God:    Zin [*****.]
Gold:   630        SH:  0    Dex: 17    Spells: 10/10 levels left

rFire    . . .     SeeInvis +   a - +5 flail
rCold    . . .     Faith    +   (no shield)
rNeg     . . .     Spirit   .   U - +0 troll leather armour
rPois    ∞         Reflect  .   (no helmet)
rElec    .         Harm     .   N - +2 cloak
rCorr    .         Rampage  .   (no gloves)
Will     .....                  (no boots)
Stlth    +++.......             u - amulet of faith
HPRegen  1.26/turn              f - ring of see invisible
MPRegen  0.16/turn              d - +4 ring of evasion

@: vitalised
A: no striking features
a: Renounce Religion, Recite, Vitalisation, Imprison, Sanctuary, Donate Gold


You were on level 2 of the Abyss.
You worshipped Zin.
Zin was extremely pleased with you.
You visited 2 branches of the dungeon, and saw 12 of its levels.
You visited the Abyss 1 time.
You also visited: Ossuary and Gauntlet.

You collected 700 gold pieces.
You donated 70 gold pieces to Zin.

Inventory:

Hand Weapons
 a - a +5 flail (weapon)
 b - a +7 hand axe
 M - the +7 hunting sling of Eridwic {vorpal, rN+}
   (You took it off a meliai on level 9 of the Dungeon)

   Any ammunition fired from it inflicts extra damage upon your enemies.
   rN:        It protects you from negative energy.
 T - a +3 war axe of freezing
Missiles
 i - 104 sling bullets
 r - 5 boomerangs (quivered)
 s - 41 poisoned darts
 C - a javelin
 S - 2 curare-tipped darts
 W - 2 throwing nets {=f}
Armour
 N - a +2 cloak (worn)
 U - a +0 troll leather armour (worn)
 V - a +1 scale mail of poison resistance
Magical Staves
 q - a staff of poison
Jewellery
 c - a ring of flight
 d - a +4 ring of evasion (right hand)
 e - the ring of Shadows {Umbra +Inv Stlth+}
   (You found it in a Gauntlet)

   [ring of stealth]

   It surrounds you with an aura of shadow, increasing your stealth and reducing
   the accuracy of all within it (including the wearer).
   +Inv:      It lets you turn invisible.
   Stlth:     It makes you more stealthy.
 f - a ring of see invisible (left hand)
 o - a ring of ice
 u - an amulet of faith (around neck)
Wands
 v - a wand of flame (31)
 y - a wand of paralysis (9)
 A - a wand of acid (1)
 D - a wand of mindburst (12)
 L - a wand of digging (8)
 Q - a wand of charming (18)
Scrolls
 g - a scroll of acquirement {unknown}
 l - 2 scrolls of enchant weapon {unknown}
 m - 2 scrolls of noise {unknown}
 n - 4 scrolls of fog
 w - 2 scrolls of blinking {unknown}
 z - a scroll of immolation {unknown}
 B - a scroll of fear {unknown}
 E - a scroll of silence {unknown}
 F - 2 scrolls of enchant armour {unknown}
 J - 3 scrolls of torment {unknown}
 O - a scroll of brand weapon {unknown}
 R - a scroll of holy word {unknown}
Potions
 j - 4 potions of curing
 k - a potion of haste
 x - 2 potions of flight
 I - a potion of cancellation
 K - a potion of might
 P - a potion of magic
Miscellaneous
 h - a phial of floods


   Skills:
 + Level 9.4 Fighting
 - Level 5.7(10.6) Axes
 - Level 11.6(12.0) Maces & Flails
 - Level 6.0 Armour
 - Level 4.4 Dodging
 - Level 4.0 Stealth
 + Level 11.9 Invocations
 + Level 2.2 Evocations


You had 10 spell levels left.
You didn't know any spells.
Your spell library contained the following spells:

 Spells                   Type           Power      Damage    Failure   Level
 Magic Dart               Conj           0%         1d3       30%         1
 Shock                    Conj/Air       0%         1d3       30%         1
 Ensorcelled Hibernation  Hex/Ice        0%         N/A       43%         2
 Searing Ray              Conj           0%         3d3       43%         2
 Frozen Ramparts          Ice            0%         1d2       67%         3
 Inner Flame              Hex/Fire       0%         N/A       67%         3
 Spider Form              Tmut/Pois      0%         N/A       67%         3
 Swiftness                Air            0%         N/A       67%         3
 Airstrike                Air            0%         N/A       97%         4
 Cause Fear               Hex            0%         N/A       97%         4
 Fulminant Prism          Conj/Hex       0%         3d6       97%         4
 Ice Form                 Ice/Tmut       0%         N/A       97%         4
 Summon Ice Beast         Ice/Summ       0%         N/A       97%         4
 Shadow Creatures         Summ           N/A        N/A       100%        6
 Discord                  Hex            0%         N/A       100%        8


Dungeon Overview and Level Annotations

Branches:
Dungeon (11/15)            Temple (1/1) D:6            Lair (0/6) D:9
Ossuary (visited)         Gauntlet (visited)
    Orc: D:9-12

Altars:
Ashenzari
Cheibriados
Dithmenos
Elyvilon
Fedhas
Gozag
Hepliaklqana
Kikubaaqudgha
Makhleb
Nemelex Xobeh
Okawaru
Qazlal
Ru
Sif Muna
Trog
Uskayaw
Vehumet
Wu Jian
Xom
Yredelemnul
Zin
The Shining One

Shops:
D:10 [

Annotations:
D:3 1 runed translucent door, Crazy Yiuf
D:6 2 runed translucent doors, Selrock's ghost, novice TrMo
D:10 3 runed translucent doors, cbfl8's ghost, novice MiFi
D:11 exclusion: orange crystal statue Gauntlet 7 transporters, 2 runed translucent doors


Message History

The worldbinder is lightly damaged.
The worldbinder calls forth creatures from the Shoals!
Your troll leather armour prevents you from hitting the worldbinder.
The worldbinder is lightly damaged.
The worldbinder closely misses you.
The worldbinder hits you but does no damage.
You sock the worldbinder!
The worldbinder is moderately damaged.
The worldbinder calls forth creatures from the Shoals!
The wretched star pulses with an eldritch light!
Zin protects your body from mutation! x2
You hit the worldbinder but do no damage.
The worldbinder is moderately damaged.
The wind drake disappears in a puff of smoke!
The worldbinder barely misses you. The worldbinder closely misses you.
The wretched star glows turbulently.
The lance of force hits you!!
You are knocked back by the lance of force.
You collide with the worldbinder!
You hit the worldbinder.
The worldbinder is almost destroyed.
The worldbinder misses you. The worldbinder closely misses you.
You hit the worldbinder but do no damage.
The worldbinder is almost destroyed.
The worldbinder hits you. The worldbinder closely misses you.
The wretched star pulses with an eldritch light!
Zin protects your body from mutation!
The merfolk siren hits you from afar with a spear.
You hit the worldbinder.
The worldbinder is almost destroyed.
The worldbinder hits you. The worldbinder closely misses you.
The wind drake flaps its wings at you. The air twists around and strikes you!
* * * LOW HITPOINT WARNING * * *
The wretched star glows turbulently.
The lance of force hits you!!
* * * LOW HITPOINT WARNING * * *
You are knocked back by the lance of force.
You collide with the worldbinder!
You die...

.... ## ..#. . ...
#. ### .. . . .
##*#. ##..
#...##.#.# #
#..#.#...# ..
#@k##.#.# ##Hx....#
# #.m...###
####..#. #. .
#...#.# .#.....## #
. .#...#.##. # .#
.## #.#....# . ##..
. . ....#..#.###
#.... #
...###..#.##...#.##
# #........#....##.
.#... #


You could see a wretched star, a wind drake (summoned, repels missiles), a
manticore (summoned), a merfolk siren (summoned) and a worldbinder.

Vanquished Creatures
  A two-headed ogre (D:9)
  A large abomination (Gauntlet)
  A wretched star (Abyss:2)
  A wizard (Gauntlet)
  A cyclops (D:11)
  A worldbinder (Gauntlet)
  A komodo dragon (D:9)
  An unseen horror (D:10)
  An ancient zyme (Abyss:2)
  2 trolls (D:10)
  A wolf spider simulacrum (D:10)
  A meliai (D:9)
  Prince Ribbit (D:9)
  A shadow (Abyss:2)
  A ynoxinul (Abyss:2)
  2 wyverns (D:7)
  Grum (D:11)
  A steam dragon (D:8)
  A neqoxec (Abyss:2)
  2 water moccasins
  2 ice beasts
  3 orc warriors
  2 sky beasts
  2 boggarts (Gauntlet)
  2 wolves (D:11)
  3 centaurs
  A starcursed mass (Abyss:2)
  A necrophage (D:7)
  2 phantoms
  5 kobold brigands
  4 bullfrogs
  A gnoll sergeant (D:10)
  2 wyvern zombies
  6 small abominations
  4 scorpions
  A wyvern skeleton (D:7)
  2 water moccasin skeletons (D:5)
  8 killer bees (D:9)
  17 wights
  6 centaur zombies
  2 howler monkeys
  A bullfrog zombie (D:5)
  2 human zombies (Ossuary)
  3 centaur skeletons
  4 orc priests
  4 iguanas
  2 iron imps (Abyss:2)
  Jessica (D:3)
  Terence (D:3)
  3 orc wizards
  2 killer bee zombies
  2 mummies (Ossuary)
  5 adders
  11 gnolls
  A shadow imp (Gauntlet)
  5 white imps
  An ufetubus (D:5)
  2 adder zombies (Ossuary)
  14 orcs
  10 ball pythons
  12 endoplasms
  3 giant cockroaches
  7 hobgoblins
  2 jackals (D:4)
  34 kobolds
  4 quokkas
  5 bats
  8 frilled lizards
  5 goblins
  2 goblin zombies (D:6)
  9 hobgoblin zombies (Ossuary)
  2 jackal zombies (Ossuary)
  9 kobold zombies (Ossuary)
  8 orc zombies (Ossuary)
  5 rats
  2 rat zombies (Ossuary)
  A lurking horror (Abyss:2)
291 creatures vanquished.

Vanquished Creatures (others)
  A bush (Abyss:2)
  3 pillars of salt
  47 plants
51 creatures vanquished.

Grand Total: 342 creatures vanquished

Notes
Turn   | Place    | Note
-------+----------+-------------------------------------------
     0 | D:1      | grimtooth the Hill Orc Monk began the quest for the Orb.
     0 | D:1      | Reached XP level 1. HP: 19/19 MP: 1/1
   251 | D:1      | Reached XP level 2. HP: 24/26 MP: 2/2
   490 | D:1      | Found a faded altar of an unknown god.
  1574 | D:2      | Reached XP level 3. HP: 28/33 MP: 3/3
  3046 | D:3      | Noticed Jessica
  3083 | D:3      | Reached XP level 4. HP: 40/40 MP: 4/4
  3116 | D:3      | Reached skill level 5 in Maces & Flails
  4290 | D:4      | Noticed a centaur
  4895 | D:4      | Reached XP level 5. HP: 41/47 MP: 5/5
  5207 | D:5      | Entered Level 5 of the Dungeon
  5365 | D:5      | Reached skill level 5 in Fighting
  5418 | D:5      | Reached skill level 1 in Armour
  5671 | D:5      | Reached XP level 6. HP: 40/56 MP: 6/6
  5937 | D:5      | Reached XP level 7. HP: 55/63 MP: 7/7
  6191 | D:5      | Reached skill level 5 in Armour
  7598 | D:3      | Killed Jessica
  7647 | D:3      | Noticed Terence
  7719 | D:3      | Killed Terence
  7727 | D:3      | Found an iron altar of Okawaru.
  7727 | D:3      | Found a basalt altar of Yredelemnul.
  7784 | D:3      | Found a blossoming altar of Fedhas.
  7799 | D:3      | Reached XP level 8. HP: 70/70 MP: 8/8
  7833 | D:3      | Found a runed translucent door.
  7834 | D:3      | Noticed Crazy Yiuf
  8113 | D:6      | Found a sand-covered staircase.
  8131 | Ossuary  | Entered an ossuary
 10041 | D:6      | Found a runed translucent door.
 10042 | D:6      | Noticed Selrock's ghost (novice TrMo)
 10104 | D:6      | Found a staircase to the Ecumenical Temple.
 10209 | Temple   | Entered the Ecumenical Temple
 10228 | Temple   | Became a worshipper of Zin the Law-Giver
 10228 | Temple   | Reached * piety under Zin
 10228 | Temple   | Reached ** piety under Zin
 10228 | Temple   | Reached *** piety under Zin
 10471 | D:6      | Found a runed translucent door.
 10475 | D:6      | Reached XP level 9. HP: 81/81 MP: 9/9
 11145 | D:7      | Reached **** piety under Zin
 11256 | D:7      | Reached skill level 1 in Invocations
 13192 | D:8      | Reached skill level 5 in Invocations
 13390 | D:8      | Reached XP level 10. HP: 68/91 MP: 12/14
 13577 | D:8      | Reached ***** piety under Zin
 13973 | D:9      | Found an opulent altar of Gozag.
 13988 | D:9      | Reached skill level 1 in Axes
 14185 | D:9      | Found a bloodstained altar of Trog.
 14194 | D:9      | Noticed a two-headed ogre
 14210 | D:9      | Killed a two-headed ogre
 14534 | D:9      | Noticed Prince Ribbit
 14548 | D:9      | Killed Prince Ribbit
 14647 | D:9      | Reached skill level 5 in Axes
 14934 | D:9      | Found a staircase to the Lair.
 15540 | D:9      | Identified the +7 hunting sling of Eridwic {vorpal, rN+}
 16173 | D:9      | Found a snail-covered altar of Cheibriados.
 16175 | D:9      | Found a glowing golden altar of the Shining One.
 16212 | D:10     | Entered Level 10 of the Dungeon
 16369 | D:10     | Reached skill level 10 in Maces & Flails
 16598 | D:10     | Noticed an unseen horror
 16617 | D:10     | Killed an unseen horror
 16618 | D:10     | Reached XP level 11. HP: 96/97 MP: 18/18
 16785 | D:10     | Reached skill level 10 in Invocations
 16919 | D:10     | Found a runed translucent gate.
 16919 | D:10     | Found a runed translucent gate.
 16920 | D:10     | Found a runed translucent gate.
 16925 | D:10     | Noticed a deep troll earth mage
 16925 | D:10     | Noticed cbfl8's ghost (novice MiFi)
 16925 | D:10     | Noticed a red ugly thing
 17037 | D:10     | Found Vosal's Antique Armour Boutique.
 17331 | D:11     | Noticed Grum
 17458 | D:11     | Found a gate leading to a gauntlet.
 17472 | D:11     | Noticed a cyclops
 17475 | D:11     | Noticed an orange crystal statue
 17491 | D:11     | Killed a cyclops
 17513 | D:11     | Killed Grum
 17519 | Gauntlet | Entered a Gauntlet
 17519 | Gauntlet | Noticed a fire crab
 17519 | Gauntlet | Found a transporter.
 17519 | Gauntlet | Found a runed translucent door.
 17519 | Gauntlet | Found a transporter.
 17520 | Gauntlet | Found a runed translucent door.
 17520 | Gauntlet | Noticed a worldbinder
 17521 | Gauntlet | Found a transporter.
 17525 | Gauntlet | Found a transporter.
 17525 | Gauntlet | Found a transporter.
 17526 | Gauntlet | Found a transporter.
 17528 | Gauntlet | Noticed a large abomination
 17560 | Gauntlet | Found a transporter.
 17560 | Gauntlet | Found the ring of Shadows {Umbra +Inv Stlth+}
 17564 | Gauntlet | Found a transporter.
 17582 | Gauntlet | Found a transporter.
 17590 | Gauntlet | Noticed a wizard
 17590 | Gauntlet | Noticed a wizard
 17593 | Gauntlet | Found a transporter.
 17603 | Gauntlet | Found a transporter.
 17624 | Gauntlet | Found a transporter.
 17678 | Gauntlet | Noticed a deep elf archer
 17678 | Gauntlet | Noticed a deep elf archer
 17686 | Gauntlet | Noticed a deep elf zephyrmancer
 17686 | Gauntlet | Noticed a deep elf zephyrmancer
 17686 | Gauntlet | Noticed a deep elf pyromancer
 17693 | Gauntlet | Killed a worldbinder
 17753 | Gauntlet | Killed a large abomination
 17799 | Gauntlet | Killed a wizard
 17809 | Gauntlet | Cast into level 2 of the Abyss (a wizard)
 17874 | Abyss:2  | Reached ****** piety under Zin
 17889 | Abyss:2  | Noticed a starcursed mass
 17907 | Abyss:2  | Noticed a wretched star
 17922 | Abyss:2  | Killed a wretched star
 17923 | Abyss:2  | Reached skill level 1 in Evocations
 17987 | Abyss:2  | Noticed a large abomination
 17989 | Abyss:2  | Noticed a wretched star
 18029 | Abyss:2  | Noticed a starcursed mass
 18048 | Abyss:2  | Paralysed by accursed screaming for 1 turns
 18127 | Abyss:2  | Noticed a worldbinder
 18148 | Abyss:2  | Noticed a wretched star
 18152 | Abyss:2  | Noticed a manticore
 18155 | Abyss:2  | HP: 1/97 [wretched star/lance of force (28)]
 18155 | Abyss:2  | Collided with a worldbinder

Illustrated notes

Levels and vault maps discovered:
D:1:      dpeg_arrival_signposts, layout_loops_ring,
          shapermc_ecumenical_altar_starsandcircs
D:2:      cheibrodos_old_hovel, layout_basic, minmay_diced_spiral
D:3:      layout_loops_ring, minitemple, minmay_pentangle, uniq_jessica,
          uniq_crazy_yiuf_cottage, uniq_terence
D:4:      layout_basic
D:5:      layout_loops_ring, serial_undead, serial_undead_a, serial_undead_f,
          serial_undead_c, serial_undead_c, minmay_lizard_king
D:6:      layout_loops_ring, minmay_temple_entry_butterflies, enter_ossuary_4,
          ebering_ghost_sewer_f, minivault_10, kennysheep_another_room
D:7:      layout_basic, kennysheep_generic_room_6
D:8:      layout_cave_pools
D:9:      layout_small_grid, nicolae_overflow_hidden_temple,
          david_lair_shrubbed, minmay_checkerbox, uniq_prince_ribbit1
D:10:     layout_irregular_city, gammafunk_ghost_split, serial_shops,
          nicolae_shop_stone
D:11:     layout_loops_cross, orc_0_dummy, gauntlet_entry_generic, minivault_16,
          minmay_misc_feat_diagonals, uniq_grum
Temple:   eino_wide_crystal_templ
Abyss:2:  base: Temple, abyss_greek_temple, base: Temple, minivault_24,
          hangedman_abyss_theft
Gauntlet: minmay_gauntlet_77_indecision [minmay_gauntlet_arena_77_p_blocks,
          minmay_gauntlet_arena_77_cramped,
          minmay_gauntlet_arena_77_terracotta_army,
          minmay_gauntlet_arena_77_fan, minmay_gauntlet_arena_77_block_sizes,
          minmay_gauntlet_arena_77_box, gauntlet_exit_green]

Skill      XL: |  1  2  3  4  5  6  7  8  9 10 11 |
---------------+----------------------------------+-----
Maces & Flails | 4 5 6 8 9 10 11 | 11.6
Fighting       | 4 5 6 7 9 |  9.4
Armour         | 1 3 6 |  6.0
Stealth        | 4 |  4.0
Invocations    | 5 9 11 | 11.9
Dodging        | 4 |  4.4
Axes           | 5 |  5.7
Evocations     | 2 |  2.2

Action                   |  1- 3 |  4- 6 |  7- 9 | 10-12 || total
-------------------------+-------+-------+-------+-------++-------
Melee: Mace              |   119 |   113 |   476 |       ||   708
       Staff             |       |       |    14 |       ||    14
       Flail             |       |       |    42 |   368 ||   410
       Hand axe          |       |       |       |     8 ||     8
Throw: Stone             |    68 |    58 |    69 |    23 ||   218
       Dart              |       |    16 |    17 |    14 ||    47
       Javelin           |       |       |     3 |       ||     3
       Boomerang         |       |       |     5 |     2 ||     7
Invok: Recite            |       |       |     6 |    19 ||    25
       Vitalisation      |       |       |       |     8 ||     8
       Sanctuary         |       |       |       |     1 ||     1
Evoke: Wand              |       |       |    42 |    18 ||    60
  Use: Scroll            |       |     7 |     3 |     2 ||    12
       Potion            |       |       |     2 |     4 ||     6
 Stab: Sleeping          |     8 |     4 |     4 |       ||    16
       Confused          |       |       |     1 |     8 ||     9
       Invisible         |       |       |       |     1 ||     1
       Paralysed         |       |       |       |     2 ||     2
Armor: Robe              |    23 |     3 |   102 |    25 ||   153
       Leather armour    |       |    10 |    20 |       ||    30
       Troll leather arm |       |       |       |    57 ||    57
Dodge: Dodged            |    91 |    79 |   368 |   364 ||   902
